 Dungeon Sprint DCSS version 0.16.1-28-gcc2312f (webtiles) character file.

56 Kidiri the Cudgeler (level 3, -1/58 HPs)
             Began as a Troll Berserker on May 28, 2015.
             Was an Elder of Trog.
             Slain by a sky beast (5 damage)
             ... in the Dungeon (Sprint IX: "|||||||||||||||||||||||||||||").
             The game lasted 00:02:10 (152 turns).

Kidiri the Cudgeler (Troll Berserker)                Turns: 152, Time: 00:02:10

Health: -1/58      AC:  5    Str: 34    XL:     3   Next: 71%
Magic:  2/2        EV: 10    Int:  6    God:    Trog [****..]
Gold:   0          SH:  0    Dex:  9    Spells: 0 memorised, 2 levels left

rFire  . . .     SeeInvis .     a - +0 mace
rCold  . . .     Clarity  .     b - +0 animal skin
rNeg   . . .     SustAb   .     (shield restricted)
rPois  .         Gourm    +     (helmet restricted)
rElec  .         Spirit   .     (no cloak)
rCorr  .         Warding  .     (gloves unavailable)
rMut   .         NoTele   +     (boots unavailable)
MR     .....                    (no amulet)
Stlth  ..........               p - +3 ring of strength
                                o - +3 ring of intelligence

@: berserking, very quick, not resistant to hostile enchantments, extremely
unstealthy
A: unfitting armour, claws 3, fast metabolism 3, gourmand, regeneration 2,
shaggy fur 1, tough skin 2
a: Burn Spellbooks, Berserk, Trog's Hand, Brothers in Arms, Renounce Religion


You were in the Dungeon.
You worshipped Trog.
Trog was greatly pleased with you.
You were not hungry.

You visited 1 branch

Inventory:

Hand weapons
 a - a +0 mace (weapon)
 n - a +2 dire flail of protection
Missiles
 j - 2 poisoned javelins (quivered)
Armour
 b - a +0 animal skin (worn)
Jewellery
 o - a +3 ring of intelligence (left claw)
 p - a +3 ring of strength (right claw)
Magical devices
 m - a wand of cold (7)
Scrolls
 i - 2 scrolls of blinking
 l - 3 scrolls of remove curse
Potions
 d - 5 potions of curing
 e - 3 potions of heal wounds
 f - a potion of haste
 g - 4 potions of magic
 h - a potion of berserk rage
 k - a potion of invisibility
Comestibles
 c - 2 meat rations


   Skills:
 * Level 4.0 Fighting
 * Level 4.4 Maces & Flails
 * Level 3.5 Armour
 + Level 2.7 Dodging


You had 2 spell levels left.
You didn't know any spells.

Dungeon Overview and Level Annotations

Branches:
Dungeon (1/1)

Altars:
Cheibriados
Dithmenos
Elyvilon
Fedhas
Gozag
Kikubaaqudgha
Makhleb
Nemelex Xobeh
Okawaru
Qazlal
Ru
Sif Muna
Trog
Vehumet
Xom
Yredelemnul
Zin
The Shining One
Beogh
Jiyva
Lugonu


Innate Abilities, Weirdness & Mutations

You are too large for most types of armour.
You have claws for hands.
Your metabolism is lightning-fast.
You like to eat raw meat.
You heal very quickly.
You are covered in fur (AC +1).
You have very tough skin (AC +2).


Message History

You feel somewhat more hungry. The iguana barely misses you.
Unknown command.
You sock the iguana!
You kill the iguana!
Trog accepts your kill.
Your Fighting skill increases to level 4!
Your Maces & Flails skill increases to level 4!
You have reached level 3!
Your experience leads to an increase in your attributes!
Your base attributes are Str 24, Int 3, Dex 9.
Increase (S)trength, (I)ntelligence, or (D)exterity?
You feel stronger. x2
You closely miss the sky beast.
The sky beast hits you but does no damage.
You hit the sky beast.
The sky beast is lightly wounded.
The sky beast hits you.
* * * LOW HITPOINT WARNING * * *
The sky beast shocks you.
You die... ▓▓▓▓▓▓▓▓▓▓▓▓▓▓▓▓▓▓▓▓▓▓▓▓▓ +.l.ToKY@.[[[)|?.'_______ ▓▓▓▓▓▓▓▓▓▓▓▓▓▓▓▓▓▓▓▓▓▓▓▓▓

You could see a troll, a sky beast, a big kobold, an iguana and an orc.

Vanquished Creatures
  An iguana (D)
  An adder (D)
  A shadow imp (D)
  An orc (D)
  A ball python (D)
  A bat (D)
  A giant cockroach (D)
  A jackal (D)
  A kobold (D)
  A giant newt (D)
  A rat (D)
11 creatures vanquished.

Notes
Turn   | Place    | Note
--------------------------------------------------------------
     0 | D        | Kidiri, the Troll Berserker, began the quest for the Orb.
     0 | D        | Reached XP level 1. HP: 22/22 MP: 1/1
    13 | D        | Reached skill level 3 in Maces & Flails
    17 | D        | Acquired Trog's second power
    35 | D        | Reached XP level 2. HP: 29/31 MP: 1/1
    45 | D        | Received a gift from Trog
    53 | D        | Acquired Trog's third power
    80 | D        | Found a glowing silver altar of Zin.
    80 | D        | Found a glowing golden altar of the Shining One.
    80 | D        | Found an ancient bone altar of Kikubaaqudgha.
    80 | D        | Found a basalt altar of Yredelemnul.
    80 | D        | Found a shimmering altar of Xom.
    80 | D        | Found a radiant altar of Vehumet.
    80 | D        | Found an iron altar of Okawaru.
    81 | D        | Found a burning altar of Makhleb.
    82 | D        | Found a deep blue altar of Sif Muna.
    83 | D        | Found a bloodstained altar of Trog.
    84 | D        | Found a sparkling altar of Nemelex Xobeh.
    85 | D        | Found a white marble altar of Elyvilon.
    86 | D        | Found a roughly hewn altar of Beogh.
    87 | D        | Found a viscous altar of Jiyva.
    88 | D        | Found a corrupted altar of Lugonu.
    89 | D        | Found a blossoming altar of Fedhas.
    90 | D        | Found a snail-covered altar of Cheibriados.
    91 | D        | Found a shadowy altar of Dithmenos.
    92 | D        | Found a stormy altar of Qazlal.
    93 | D        | Found an opulent altar of Gozag.
    94 | D        | Found a sacrificial altar of Ru.
   144 | D        | Noticed an iguana
   144 | D        | Noticed a troll
   144 | D        | Noticed a big kobold
   144 | D        | Noticed a sky beast
   144 | D        | Noticed an iguana
   150 | D        | Killed an iguana
   150 | D        | Reached skill level 4 in Fighting
   150 | D        | Reached XP level 3. HP: 4/39 MP: 2/2
   152 | D        | Slain by a sky beast

Action                   || total
-------------------------++-------
Melee: Mace              ||    44
Invok: Berserk           ||     1
